 Dungeon Crawl Stone Soup version 0.21.1-1-g345015f (webtiles) character file.

349 letownia2 the Charmwright (level 6, -2/51 HPs)
             Began as a Gnoll Skald on Feb 27, 2018.
             Was a Follower of Cheibriados.
             Slain by a wyvern (17 damage)
             ... on level 7 of the Dungeon.
             The game lasted 00:06:59 (1422 turns).

letownia2 the Charmwright (Gnoll Skald)             Turns: 1422, Time: 00:06:59

Health: -2/51      AC:  4    Str: 15    XL:     6   Next: 60%
Magic:  4/14       EV: 20    Int: 19    God:    Cheibriados [*.....]
Gold:   177        SH:  0    Dex: 22    Spells: 4/15 levels left

rFire    . . .     SeeInvis .   a - +0 spear
rCold    . . .     Gourm    .   (no shield)
rNeg     . . .     Faith    +   b - +0 leather armour
rPois    .         Spirit   .   (no helmet)
rElec    .         Reflect  .   (no cloak)
rCorr    .         Harm     .   m - +0 pair of gloves
MR       .....                  (no boots)
Stlth    +++.......             r - amulet of faith
HPRegen  0.17/turn              (no ring)
MPRegen  0.14/turn              (no ring)

@: agile, shrouded, very slightly contaminated, drained, very slow
A: distributed training, fangs 1, strong nose
a: Bend Time, Renounce Religion


You were on level 7 of the Dungeon.
You worshipped Cheibriados.
Cheibriados was aware of your devotion.
You were not hungry.

You visited 2 branches of the dungeon, and saw 8 of its levels.

You collected 177 gold pieces.

Inventory:

Hand Weapons
 a - a +0 spear (weapon)
 i - a +0 rapier of draining
 t - a +0 quarterstaff
 v - a +0 trident
Missiles
 u - 3 tomahawks (quivered)
Armour
 b - a +0 leather armour (worn)
 m - a +0 pair of gloves (worn)
Jewellery
 r - an amulet of faith (around neck)
Wands
 l - a wand of random effects (23)
Scrolls
 e - 3 scrolls of enchant weapon {unknown}
 f - 2 scrolls of remove curse {unknown}
 h - a scroll of identify {unknown}
 j - a scroll of immolation {unknown}
 n - 2 scrolls of blinking {unknown}
 o - a scroll of noise {unknown}
 s - a scroll of amnesia {unknown}
Potions
 g - a potion of agility
 p - 2 potions of mutation {unknown}
 q - a potion of curing {unknown}
 w - a potion of haste {unknown}
Books
 c - a book of Battle

   Spells                             Type                      Level
   a - Infusion                       Charms                       1
   b - Shroud of Golubria             Charms/Translocation         2
   c - Song of Slaying                Charms                       2
   d - Spectral Weapon                Hexes/Charms                 3
   e - Regeneration                   Charms/Necromancy            3
Comestibles
 d - 9 rations


   Skills:
 + Level 5.0(4.0) Fighting
 + Level 2.0(1.1) Short Blades
 + Level 2.0(1.1) Long Blades
 + Level 2.0(1.1) Axes
 + Level 2.0(1.1) Maces & Flails
 + Level 5.0(4.0) Polearms
 + Level 2.0(1.1) Staves
 + Level 2.0(1.1) Slings
 + Level 2.0(1.1) Bows
 + Level 2.0(1.1) Crossbows
 + Level 2.0(1.1) Throwing
 + Level 3.2(2.3) Armour
 + Level 5.0(4.0) Dodging
 + Level 2.0(1.1) Stealth
 + Level 2.0(1.1) Shields
 + Level 2.0(1.1) Unarmed Combat
 + Level 5.4(4.4) Spellcasting
 + Level 1.5(0.7) Conjurations
 + Level 1.5(0.7) Hexes
 + Level 5.6(4.7) Charms
 + Level 1.5(0.7) Summonings
 + Level 1.5(0.7) Necromancy
 + Level 1.5(0.7) Translocations
 + Level 1.5(0.7) Transmutations
 + Level 1.5(0.7) Fire Magic
 + Level 1.5(0.7) Ice Magic
 + Level 1.5(0.7) Air Magic
 + Level 1.5(0.7) Earth Magic
 + Level 1.5(0.7) Poison Magic
 + Level 2.2(1.3) Invocations
 + Level 2.0(1.1) Evocations


You had 4 spell levels left.
You knew the following spells:

 Your Spells              Type           Power        Failure   Level  Hunger
a - Infusion              Chrm           ###.         2%          1    None
g - Regeneration          Chrm/Necr      ##........   16%         3    ###....
l - Song of Slaying       Chrm           ###.....     3%          2    #......
t - Shroud of Golubria    Chrm/Tloc      ##........   9%          2    #......
x - Spectral Weapon       Hex/Chrm       ##......     16%         3    ###....


Dungeon Overview and Level Annotations

Branches:
Dungeon (7/15)             Temple (1/1) D:4

Altars:
Ashenzari
Cheibriados
Fedhas
Gozag
Hepliaklqana
Kikubaaqudgha
Nemelex Xobeh
Qazlal
Ru
Sif Muna
Trog
Uskayaw
Vehumet
Wu Jian
Xom
Yredelemnul
Zin
The Shining One


Innate Abilities, Weirdness & Mutations

Your experience applies equally to all skills.
You have very sharp teeth.
Your uncanny sense of smell can sniff out nearby items.


Message History

You feel agile all of a sudden.
The hound skeleton bites you but does no damage.
The wyvern moves out of view.
The hound skeleton barely misses you.
A gnoll comes into view. It is wielding a spear.
You puncture the hound skeleton! You bite the hound skeleton.
The hound skeleton is heavily damaged.
Your spectral weapon hits the hound skeleton.
The hound skeleton bites your spectral weapon.
Unknown command.
You puncture the hound skeleton!
You destroy the hound skeleton!
Cheibriados thoroughly appreciates the change of pace.
Unknown command.
You hit the wyvern.
The wyvern is lightly wounded.
Your spectral weapon hits the wyvern but does no damage.
Your shroud bends the wyvern's attack away!
The shadow imp shouts, "Tremble, thou loggerheaded moldwarp dandiprat!"
The wyvern bites you!
You die...

#... ......%..
.###..g##.#...<..
................
......g...###.#
...........#..#
.............#
.######...g.##
......##l##
########(@##
##..########
##........# #######
###......#
.......######......#
#.<...........#
########......#
#......# #......#


You could see a wyvern, 3 gnolls and a friendly spectral spear.

Vanquished Creatures
  A howler monkey (D:7)
  A crimson imp (D:6)
  2 hounds
  2 worker ants
  Natasha (thrice) (D:4)
  A hound zombie (D:5)
  A hound skeleton (D:7)
  2 adders
  2 shadow imps
  A worm (D:2)
  A dart slug (D:2)
  A leopard gecko (D:5)
  A bat (D:1)
  A giant cockroach (D:6)
  A goblin (D:2)
  3 hobgoblins
  5 jackals
  2 quokkas
  A ball python (D:3)
  3 frilled lizards
  2 kobolds
  A leopard gecko skeleton (D:2)
  A rat (D:3)
39 creatures vanquished.

Notes
Turn   | Place    | Note
-------+----------+-------------------------------------------
     0 | D:1      | letownia2 the Gnoll Skald began the quest for the Orb.
     0 | D:1      | Reached XP level 1. HP: 20/20 MP: 6/6
    81 | D:2      | Reached XP level 2. HP: 12/26 MP: 7/7
    86 | D:2      | Learned a level 2 spell: Song of Slaying
    89 | D:2      | Learned a level 2 spell: Shroud of Golubria
   339 | D:3      | Reached skill level 5 in Spellcasting
   339 | D:3      | Reached XP level 3. HP: 31/31 MP: 0/9
   344 | D:3      | Learned a level 3 spell: Regeneration
   348 | D:3      | Learned a level 3 spell: Spectral Weapon
   489 | D:4      | Found a radiant altar of Vehumet.
   490 | D:4      | Noticed Natasha
   495 | D:4      | Killed Natasha
   495 | D:4      | Reached skill level 1 in Short Blades
   495 | D:4      | Reached skill level 1 in Long Blades
   495 | D:4      | Reached skill level 1 in Axes
   495 | D:4      | Reached skill level 1 in Maces & Flails
   495 | D:4      | Reached skill level 1 in Staves
   495 | D:4      | Reached skill level 1 in Slings
   495 | D:4      | Reached skill level 1 in Bows
   495 | D:4      | Reached skill level 1 in Crossbows
   495 | D:4      | Reached skill level 1 in Throwing
   495 | D:4      | Reached skill level 1 in Stealth
   495 | D:4      | Reached skill level 1 in Shields
   495 | D:4      | Reached skill level 1 in Unarmed Combat
   495 | D:4      | Reached skill level 1 in Invocations
   495 | D:4      | Reached skill level 1 in Evocations
   495 | D:4      | Reached XP level 4. HP: 25/38 MP: 4/11
   507 | D:4      | Noticed Natasha
   515 | D:4      | Killed Natasha
   647 | D:4      | Noticed Natasha
   647 | D:4      | Reached skill level 1 in Conjurations
   647 | D:4      | Reached skill level 1 in Hexes
   647 | D:4      | Reached skill level 1 in Summonings
   647 | D:4      | Reached skill level 1 in Necromancy
   647 | D:4      | Reached skill level 1 in Translocations
   647 | D:4      | Reached skill level 1 in Transmutations
   647 | D:4      | Reached skill level 1 in Fire Magic
   647 | D:4      | Reached skill level 1 in Ice Magic
   647 | D:4      | Reached skill level 1 in Air Magic
   647 | D:4      | Reached skill level 1 in Earth Magic
   647 | D:4      | Reached skill level 1 in Poison Magic
   651 | D:4      | Killed Natasha
   651 | D:4      | Reached XP level 5. HP: 41/43 MP: 7/12
   831 | D:4      | Found a staircase to the Ecumenical Temple.
   840 | Temple   | Entered the Ecumenical Temple
   935 | Temple   | Became a worshipper of Cheibriados the Contemplative
  1090 | D:5      | Entered Level 5 of the Dungeon
  1215 | D:5      | Found an opulent altar of Gozag.
  1326 | D:6      | Reached XP level 6. HP: 38/50 MP: 7/13
  1418 | D:7      | Reached * piety under Cheibriados
  1418 | D:7      | Reached skill level 5 in Fighting
  1418 | D:7      | Reached skill level 5 in Polearms
  1418 | D:7      | Reached skill level 5 in Dodging
  1419 | D:7      | Noticed a wyvern
  1422 | D:7      | Slain by a wyvern

Skill      XL: |  1  2  3  4  5  6 |
---------------+-------------------+-----
Spellcasting   | 5 |  5.4
Short Blades   | 1 2 |  2.0
Long Blades    | 1 2 |  2.0
Axes           | 1 2 |  2.0
Maces & Flails | 1 2 |  2.0
Staves         | 1 2 |  2.0
Slings         | 1 2 |  2.0
Bows           | 1 2 |  2.0
Crossbows      | 1 2 |  2.0
Throwing       | 1 2 |  2.0
Stealth        | 1 2 |  2.0
Shields        | 1 2 |  2.0
Unarmed Combat | 1 2 |  2.0
Invocations    | 1 2 |  2.2
Evocations     | 1 2 |  2.0
Conjurations   | 1 |  1.5
Hexes          | 1 |  1.5
Summonings     | 1 |  1.5
Necromancy     | 1 |  1.5
Translocations | 1 |  1.5
Transmutations | 1 |  1.5
Fire Magic     | 1 |  1.5
Ice Magic      | 1 |  1.5
Air Magic      | 1 |  1.5
Earth Magic    | 1 |  1.5
Poison Magic   | 1 |  1.5
Armour         | 3 |  3.2
Fighting       | 5 |  5.0
Polearms       | 5 |  5.0
Dodging        | 5 |  5.0
Charms         | |  5.6

Action                   |  1- 3 |  4- 6 || total
-------------------------+-------+-------++-------
Melee: Spear             |    73 |   126 ||   199
       Bite              |     6 |    22 ||    28
       Punch             |     1 |     1 ||     2
 Cast: Shroud of Golubri |     5 |     9 ||    14
       Infusion          |     2 |     1 ||     3
       Song of Slaying   |     1 |       ||     1
       Spectral Weapon   |     1 |     8 ||     9
  Use: Potion            |       |     1 ||     1
 Stab: Sleeping          |     1 |       ||     1
       Distracted        |       |     3 ||     3
  Eat: Chunk             |       |     3 ||     3
Armor: Leather armour    |    12 |    44 ||    56
Dodge: Dodged            |    42 |   114 ||   156
